 Dungeon Crawl Stone Soup version 0.29-a0-617-g7a6b98fccd (webtiles) character file.

Game seed: 10341564372331487151

154 dolemite99 the Magician (level 5, -7/40 HPs)
             Began as a Djinni Earth Elementalist on June 18, 2022.
             Was an Initiate of Yredelemnul.
             Mangled by Crazy Yiuf
             ... wielding a +2 quarterstaff of chaos
              (11 damage)
             ... on level 2 of the Dungeon.
             The game lasted 00:03:16 (2755 turns).

dolemite99 the Magician (Djinni Earth Elementalist) Turns: 2755, Time: 00:03:16

Health: -7/40      AC:  6    Str:  7    XL:     5   Next: 63%
Gold:   70         EV: 17    Int: 19    God:    Yredelemnul [......] SH:  0 Dex: 13

rFire   + + .      SeeInvis .   d - +0 hand axe
rCold   x . .      Faith    .   (no shield)
rNeg    . . .      Spirit   .   s - +2 robe {Archmagi}
rPois   ∞          Reflect  .   (no helmet)
rElec   .          Harm     .   f - +0 cloak
rCorr   .          Rampage  .   p - +0 pair of gloves
Will    .....      Archmagi +   (boots unavailable)
Stlth   ++........              (no amulet)
HPRegen 0.13/turn               (no ring)
MPRegen 0.00/turn               (no ring)

@: agile, flying
A: sickness immunity, fire resistance 2, cold vulnerability 1, float, innate
caster, HP casting, extra vitality 1
a: Renounce Religion, Recall Undead Harvest


You were on level 2 of the Dungeon.
You worshipped Yredelemnul.
Yredelemnul was noncommittal.
You visited 1 branch of the dungeon, and saw 2 of its levels.

You collected 70 gold pieces.

Inventory:

Hand Weapons
 b - a +0 hunting sling
 d - a +0 hand axe (weapon)
 r - a +1 dagger of distortion
Missiles
 n - 2 curare-tipped darts
Armour
 a - a +0 robe
 f - a +0 cloak (worn)
 m - the +0 leather armour of Zoriyloy {rElec rPois rN+ MP-9}
   (You found it on level 2 of the Dungeon)

   rElec:     It insulates you from electricity.
   rPois:     It protects you from poison.
   rN:        It protects you from negative energy.
   MP:        It affects your magic capacity (-9).
 p - a +0 pair of gloves (worn)
 s - a +2 robe of the Archmagi (worn)
Jewellery
 h - a ring of wizardry
 i - a ring of fire
 q - a ring of fire
Scrolls
 k - a scroll of poison
 o - 3 scrolls of blinking
Potions
 e - a potion of berserk rage {unknown}
 g - 3 potions of curing
 j - a potion of heal wounds
 l - a potion of attraction {unknown}
 t - a potion of invisibility


   Skills:
 + Level 3.3 Fighting
 - Level 2.1 Dodging
 - Level 1.5 Stealth
 + Level 3.6 Spellcasting


You couldn't memorise any spells.
You knew the following spells:

 Your Spells              Type           Power      Damage    Failure   Level
a - Sandblast             Erth           50%        2d12      3%          1
b - Passwall              Tmut/Erth      20%        N/A       4%          2
c - Stone Arrow           Conj/Erth      50%        3d10      10%         3
d - Petrify               Tmut/Erth      25%        N/A       32%         4
e - Shock                 Conj/Air       100%       1d9       3%          1
f - Poisonous Vapours     Pois/Air       50%        N/A       4%          2
Your spell library was empty.

Dungeon Overview and Level Annotations

Branches:
Dungeon (2/15)

Altars:
Yredelemnul

Annotations:
D:2 Crazy Yiuf


Innate Abilities, Weirdness & Mutations

You are immune to sickness and miasma.
You are immune to poison.
Your flesh is very heat resistant. (rF++)
You are vulnerable to cold. (rC-)
You float through the air rather than walking.
You learn spells naturally, not from books.
Your magical power is your life essence.
You have superior vitality. (+4 MHP)


Message History

Casting: Sandblast (safe; 3% risk of failure)
Confirm with . or Enter, or press ? or * to list all spells.
Okay, then.
Casting: Sandblast (safe; 3% risk of failure)
Confirm with . or Enter, or press ? or * to list all spells.
Okay, then.
Casting: Sandblast (safe; 3% risk of failure)
Confirm with . or Enter, or press ? or * to list all spells.
Okay, then.
Crazy Yiuf laughs, "Island rumpyflump infinity!"
You reach down and open the door.
Casting: Sandblast (safe; 3% risk of failure)
Confirm with . or Enter, or press ? or * to list all spells.
Aiming: Sandblast (safe; 3% risk of failure)
Press: ? - help, Shift-Dir - straight line, f - Crazy Yiuf
Aim: Crazy Yiuf, wielding a +2 quarterstaff of chaos and wearing a +0 cloak (83% to hit)
You feel a surge of power!
The blast of sand misses Crazy Yiuf.
Crazy Yiuf hits you with a +2 quarterstaff of chaos.
You suddenly lose the ability to move!
Crazy Yiuf laughs, "Cake!
Walk return to song poople."
Crazy Yiuf hits you but does no damage.
Crazy Yiuf hits you with a +2 quarterstaff of chaos!
You feel agile all of a sudden.
Crazy Yiuf hits you with a +2 quarterstaff of chaos. x2
* * * LOW HITPOINT WARNING * * *
Crazy Yiuf freezes you.
* * * LOW HITPOINT WARNING * * *
You can move again.
Casting: Sandblast (safe; 3% risk of failure)
Confirm with . or Enter, or press ? or * to list all spells.
Aiming: Sandblast (safe; 3% risk of failure)
Press: ? - help, Shift-Dir - straight line, f/p - Crazy Yiuf
Aim: Crazy Yiuf, wielding a +2 quarterstaff of chaos and wearing a +0 cloak (83% to hit)
You feel a surge of power!
The blast of sand misses Crazy Yiuf.
* * * LOW HITPOINT WARNING * * *
Crazy Yiuf hits you with a +2 quarterstaff of chaos.
* * * LOW HITPOINT WARNING * * *
Crazy Yiuf hits you with a +2 quarterstaff of chaos!
You die...
Your body rises from the dead as a mindless zombie.

#Z.ZZ.Z......#.# #.#####
#######.############## #.#####
......#Z# #.#...# #####.#Z# #####
#.#.#.# #####.#Z#### #..)#
######.#.#.# ...........# #...#
#........... ........#### ...
######.#.#.# #####.Z##### #g#
#........#.# .......Z...# ♣♣@♣
#..........# ######..#### ♣.♣♣
######...... ...........# ♣♣Z♣
#........... #######..### ♣.♣♣
############ ###'### ♣♣.♣♣
#........... #.....# ♣...♣♣
#.###.....#( #.....# ♣....♣
#.#<'....... ######(....# #....#
#.###)......
.....#.....###....####...'.......


You could see Crazy Yiuf and a friendly ball python zombie.

Vanquished Creatures
  Jessica (D:2)
  Natasha (thrice) (D:2)
  An adder (D:2)
  A worm (D:2)
  A dart slug (D:2)
  An orc (D:2)
  2 ball pythons (D:2)
  3 bats
  4 endoplasms
  2 goblins (D:1)
  2 hobgoblins
  A kobold (D:2)
  A quokka (D:1)
  A frilled lizard (D:2)
  A rat (D:2)
25 creatures vanquished.

Vanquished Creatures (collateral kills)
  An adder (D:2)
  2 ball pythons
  A bat (D:1)
  An endoplasm (D:2)
  A giant cockroach (D:2)
  A quokka (D:2)
7 creatures vanquished.

Vanquished Creatures (others)
  2 felid zombies (D:2)
  2 bat zombies
  A ball python zombie (D:2)
  2 endoplasm zombies (D:2)
  A frilled lizard zombie (D:2)
  A kobold zombie (D:2)
  An orc zombie (D:2)
  A fungus (D:1)
  A plant (D:1)
12 creatures vanquished.

Grand Total: 44 creatures vanquished

Notes
Turn   | Place    | Note
-------+----------+-------------------------------------------
     0 | D:1      | dolemite99 the Djinni Earth Elementalist began the quest
                  | for the Orb.
     0 | D:1      | dolemite99 set off with the following spells memorised:
                  | Sandblast, Passwall, Stone Arrow, Petrify.
     0 | D:1      | Reached XP level 1. HP: 15/15 MP: 0/0
   281 | D:1      | Reached XP level 2. HP: 20/22 MP: 0/0
   284 | D:1      | Reached skill level 1 in Fighting
   464 | D:1      | Found a faded altar of an unknown god.
   473 | D:1      | Got Plato's Compendium of the Special Allies
   474 | D:1      | Prayed at the altar of an unknown god.
   474 | D:1      | Became a worshipper of Yredelemnul the Dark
   474 | D:1      | Reached * piety under Yredelemnul
   720 | D:2      | Noticed Natasha
   724 | D:2      | Killed Natasha
   725 | D:2      | Reached XP level 3. HP: 12/28 MP: 0/0
   725 | D:2      | Learned a level 1 spell: Shock
  1069 | D:2      | Noticed Natasha
  1074 | D:2      | Killed Natasha
  1075 | D:2      | Reached XP level 4. HP: 23/34 MP: 0/0
  1089 | D:2      | Your ally Natasha died
  1704 | D:2      | Identified the +0 leather armour of Zoriyloy {rElec rPois
                  | rN+ MP-9}
  2058 | D:2      | Noticed Natasha
  2061 | D:2      | Killed Natasha
  2062 | D:2      | Reached XP level 5. HP: 30/40 MP: 0/0
  2062 | D:2      | Learned a level 2 spell: Poisonous Vapours
  2326 | D:2      | Noticed Jessica
  2334 | D:2      | Your ally Natasha died
  2342 | D:2      | Killed Jessica
  2746 | D:2      | Found a runed translucent door.
  2747 | D:2      | Noticed Crazy Yiuf
  2751 | D:2      | Paralysed by Crazy Yiuf for 5 turns
  2755 | D:2      | Mangled by Crazy Yiuf

Illustrated notes

Levels and vault maps discovered:
D:1:      amcnicky_arrival_single_pillar, layout_rooms,
          shapermc_ecumenical_altar_rom_forum
D:2:      layout_basic, minmay_circle_x, uniq_crazy_yiuf_cottage, uniq_natasha,
          uniq_jessica

Skill      XL: |  1  2  3  4 |
---------------+-------------+-----
Fighting       | 2 3 |  3.3
Spellcasting   | 3 |  3.6
Dodging        | |  2.1
Stealth        | |  1.5

Action                   |  1- 3 |  4- 6 || total
-------------------------+-------+-------++-------
Melee: Hand axe          |     1 |     3 ||     4
 Cast: Sandblast         |    17 |    29 ||    46
  Use: Scroll            |     1 |     5 ||     6
Armor: Robe              |     4 |     4 ||     8
       Leather armour    |       |     4 ||     4
Dodge: Dodged            |    10 |    19 ||    29

Table legend: (Time is in decaauts)
 A = Elapsed time spent in this place.
 B = Non-inter-level travel time spent in this place.
 C = Inter-level travel time spent in this place.
 D = Time resting spent in this place.
 E = Time spent auto-exploring this place.
 F = Levels seen in this place.
 G = Mean time per level.
                   A        B        C        D        E       F      G
               +--------+--------+--------+--------+--------+-----+--------+
         Total |   2804 |   2768 |     36 |   1291 |    998 |   2 | 1402.0 |
       Dungeon |   2804 |   2768 |     36 |   1291 |    998 |   2 | 1402.0 |
               +--------+--------+--------+--------+--------+-----+--------+

Top non-repeatable levels by time:
     D:2: 2162 daAuts
     D:1: 641 daAuts
